 Dungeon Crawl Stone Soup version 0.29-a0-451-gfbfa42419e (console) character file.

Game seed: 6836946577754429011

354 jejorda2 the Poker (level 6, -2/50 HPs)
             Began as a Merfolk Fighter on May 19, 2022.
             Was an Initiate of Nemelex Xobeh.
             Slain by an iguana (11 damage)
             ... on level 4 of the Dungeon.
             The game lasted 00:09:59 (4348 turns).

jejorda2 the Poker (Merfolk Fighter)                Turns: 4348, Time: 00:10:00

Health: -2/50      AC:  8    Str: 18    XL:     6   Next: 63%
Magic:  6/6        EV:  9    Int:  8    God:    Nemelex Xobeh [......]
Gold:   58         SH:  0    Dex: 13    Spells: 5/5 levels left

rFire   . . .      SeeInvis .   a - +0 halberd
rCold   . . .      Faith    .   (shield currently unavailable)
rNeg    . . .      Spirit   .   z - +0 scale mail
rPois   .          Reflect  .   (no helmet)
rElec   .          Harm     .   u - +0 cloak
rCorr   .          Rampage  .   (no gloves)
Will    +....                   (no boots)
Stlth   ..........              k - amulet of the acrobat
HPRegen 0.16/turn               e - ring of flight
MPRegen 0.10/turn               B - ring of willpower

@: flying
A: (nimble swimmer 2), mertail
a: Renounce Religion, Draw Escape, Draw Destruction, Draw Summoning


You were on level 4 of the Dungeon.
You worshipped Nemelex Xobeh.
Nemelex Xobeh was noncommittal.
You visited 2 branches of the dungeon, and saw 5 of its levels.

You collected 173 gold pieces.
You spent 115 gold pieces at shops.

Inventory:

Hand Weapons
 a - a +0 halberd (weapon)
 b - a +0 trident
Missiles
 c - 11 poisoned darts
 h - 77 stones (quivered)
 y - 5 atropa-tipped darts
Armour
 u - a +0 cloak (worn)
 z - a +0 scale mail (worn)
Jewellery
 e - a ring of flight (left hand)
 k - an amulet of the acrobat (around neck)
 B - a ring of willpower (right hand)
Scrolls
 g - 3 scrolls of teleportation {unknown}
 j - a scroll of amnesia {unknown}
 n - 5 scrolls of identify {unknown}
 o - a scroll of summoning {unknown}
 p - a scroll of magic mapping {unknown}
 q - a scroll of fog {unknown}
 s - a scroll of enchant armour {unknown}
 t - 2 scrolls of fear {unknown}
 x - a scroll of noise {unknown}
 A - a scroll of brand weapon {unknown}
Potions
 d - 3 potions of might
 f - a potion of lignification {unknown}
 i - a potion of degeneration {unknown}
 l - a potion of curing {unknown}
 m - a potion of haste {unknown}
 r - a potion of heal wounds {unknown}
 v - a potion of cancellation {unknown}
 w - a potion of resistance {unknown}
 C - a potion of brilliance {unknown}


   Skills:
 + Level 4.8 Fighting
 * Level 6.6 Polearms
 + Level 3.2 Armour
 - Level 3.0 Shields
 + Level 0.1 Invocations


You had 5 spell levels left.
You didn't know any spells.
Your spell library contained the following spells:

 Spells                   Type           Power      Damage    Failure   Level
 Ozocubu's Armour         Ice            0%         N/A       99%         3
 Ozocubu's Refrigeration  Ice            0%         4d5       100%        7


Dungeon Overview and Level Annotations

Branches:
Dungeon (4/15)             Temple (1/1) D:4

Altars:
Ashenzari
Cheibriados
Dithmenos
Elyvilon
Gozag
Hepliaklqana
Kikubaaqudgha
Nemelex Xobeh
Okawaru
Qazlal
Ru
Sif Muna
Trog
Uskayaw
Wu Jian
Xom
The Shining One

Shops:
D:4 *

Annotations:
D:3 3 runed translucent doors, Foxy's ghost, amateur PaFi; PRIMUS's ghost, amateur HuCj; pigah's ghost, amateur OpAE


Innate Abilities, Weirdness & Mutations

((You are very nimble when in or above water. (Stealth+, EV+, Speed+++)))
Your lower body shifts to a powerful aquatic tail in water.


Message History

The giant cockroach attacks as you move away!
The giant cockroach completely misses you.
You puncture the giant cockroach!
You kill the giant cockroach!
You hit the water moccasin zombie but do no damage.
The water moccasin zombie is heavily damaged.
The water moccasin zombie bites you.
You slash the water moccasin zombie!
The water moccasin zombie is severely damaged.
The water moccasin zombie bites you but does no damage.
You barely miss the goblin. You hit the goblin but do no damage.
The goblin hits you with a +0 dagger.
You closely miss the goblin. The goblin barely misses you.
You miss the goblin. The goblin hits you but does no damage.
The goblin closely misses you.
The iguana hisses menacingly.
You closely miss the goblin. The goblin hits you but does no damage.
You puncture the goblin!
You kill the goblin!
You closely miss the water moccasin zombie.
The water moccasin zombie is severely damaged.
The water moccasin zombie completely misses you.
You barely miss the water moccasin zombie.
The water moccasin zombie is severely damaged.
The water moccasin zombie bites you but does no damage.
You hit the iguana.
The iguana is lightly wounded.
The iguana closely misses you.
You hit the iguana.
The iguana is lightly wounded.
The iguana bites you!
* * * LOW HITPOINT WARNING * * *
You barely miss the iguana.
The iguana is lightly wounded.
The iguana closely misses you.
You barely miss the iguana.
The iguana is lightly wounded.
The iguana bites you!
You die...
Your body disappears without a glow.

....... ###....###
#####<#......
...........##
..........).#
..........#.##
..........#.Z#
......†...##l#
.......).[##@#####..
#######..........#.#
#..........#.#
#..........#.#
#..........#.# #
#..........#.## .#
#..........#..#..#
#................#
#....###.....###.#


You could see an iguana and a water moccasin zombie.

Vanquished Creatures
  A kobold brigand (D:3)
  2 hounds (D:4)
  Terence (D:3)
  A hound zombie (D:4)
  4 gnolls
  7 adders
  An adder zombie (D:4)
  2 adder skeletons (D:4)
  5 worms
  2 dart slugs
  2 orcs
  4 bats
  5 endoplasms
  3 giant cockroaches
  7 goblins
  5 hobgoblins
  2 quokkas
  2 ball pythons
  A frilled lizard (D:2)
  2 kobolds
  6 rats
65 creatures vanquished.

Vanquished Creatures (others)
  4 withered plants (D:3)
4 creatures vanquished.

Grand Total: 69 creatures vanquished

Notes
Turn   | Place    | Note
-------+----------+-------------------------------------------
     0 | D:1      | jejorda2 the Merfolk Fighter began the quest for the Orb.
     0 | D:1      | Reached XP level 1. HP: 18/18 MP: 1/1
   292 | D:1      | You are sucked into a shaft and drop 1 floor!
   502 | D:2      | Reached skill level 3 in Polearms
   531 | D:2      | Reached XP level 2. HP: 12/24 MP: 2/2
   880 | D:1      | Reached XP level 3. HP: 29/29 MP: 3/3
   946 | D:1      | Found a faded altar of an unknown god.
  1359 | D:2      | Found an ornate altar of the Wu Jian Council.
  1427 | D:2      | Reached skill level 4 in Polearms
  1973 | D:3      | Reached XP level 4. HP: 33/37 MP: 4/4
  2031 | D:3      | Noticed Terence
  2045 | D:3      | Killed Terence
  2256 | D:3      | Reached skill level 5 in Polearms
  2328 | D:3      | Reached XP level 5. HP: 35/42 MP: 5/5
  2775 | D:3      | Noticed a kobold brigand
  3138 | D:3      | Found a runed translucent gate.
  3139 | D:3      | Found a runed translucent gate.
  3140 | D:3      | Found a runed translucent gate.
  3154 | D:3      | Noticed pigah's ghost (amateur OpAE)
  3154 | D:3      | Noticed PRIMUS's ghost (amateur HuCj)
  3154 | D:3      | Noticed Foxy's ghost (amateur PaFi)
  3222 | D:3      | Killed a kobold brigand
  3437 | D:3      | Reached skill level 6 in Polearms
  3437 | D:3      | Reached XP level 6. HP: 43/49 MP: 6/6
  3848 | D:4      | Found Igurireh's Assorted Antiques.
  3870 | D:4      | Bought a square amethyst amulet for 115 gold pieces
  3945 | D:4      | Found a staircase to the Ecumenical Temple.
  3978 | Temple   | Entered the Ecumenical Temple
  4249 | Temple   | Became a worshipper of Nemelex Xobeh the Trickster
  4348 | D:4      | Slain by an iguana

Illustrated notes

Levels and vault maps discovered:
D:1:      dpeg_arrival_oval, layout_basic,
          shapermc_ecumenical_altar_totnotflames
D:2:      layout_basic, basic_altar
D:3:      layout_basic, gammafunk_ghost_cemetery,
          minmay_fractal_squares_diagonal_5, uniq_terence
D:4:      layout_basic, minmay_temple_entry_water_ring, serial_undead,
          serial_undead_a, serial_undead_f, serial_undead_f, serial_undead_a,
          serial_undead_a, serial_shops, nicolae_square_shop, st_stairs_2,
          chequers_serial_rivers_small_b
Temple:   minmay_temple_bridge_d

Skill      XL: |  1  2  3  4  5 |
---------------+----------------+-----
Polearms       | 3 4 5 6 |  6.6
Fighting       | 4 |  4.8
Armour         | 3 |  3.2
Shields        | |  3.0
Invocations    | |  0.1

Action                   |  1- 3 |  4- 6 || total
-------------------------+-------+-------++-------
Melee: Trident           |    87 |    62 ||   149
       Halberd           |       |   119 ||   119
Throw: Stone             |    61 |    14 ||    75
Armor: Scale mail        |    13 |    74 ||    87
Dodge: Dodged            |    18 |    81 ||    99
Block: Buckler           |     8 |    16 ||    24

Table legend: (Time is in decaauts)
 A = Elapsed time spent in this place.
 B = Non-inter-level travel time spent in this place.
 C = Inter-level travel time spent in this place.
 D = Time resting spent in this place.
 E = Time spent auto-exploring this place.
 F = Levels seen in this place.
 G = Mean time per level.
                   A        B        C        D        E       F      G
               +--------+--------+--------+--------+--------+-----+--------+
         Total |   4399 |   4150 |    249 |    336 |   2994 |   5 |  879.8 |
       Dungeon |   4107 |   3886 |    221 |    336 |   2741 |   4 | 1026.8 |
        Temple |    291 |    263 |     28 |      0 |    253 |   1 |  291.0 |
               +--------+--------+--------+--------+--------+-----+--------+

Top non-repeatable levels by time:
     D:2: 1757 daAuts
     D:3: 1316 daAuts
     D:1: 803 daAuts
  Temple: 291 daAuts
     D:4: 230 daAuts
